 Dungeon Crawl Stone Soup version 0.22.0-27-ga576289 (webtiles) character file.

136 Monsterracer the Chopper (level 5, 0/49 HPs)
             Began as a Naga Gladiator on Aug 22, 2018.
             Was an Initiate of Trog.
             Slain by Crazy Yiuf
             ... wielding a +2 quarterstaff of chaos
              (9 damage)
             ... on level 2 of the Dungeon.
             The game lasted 00:01:59 (2165 turns).

Monsterracer the Chopper (Naga Gladiator)           Turns: 2165, Time: 00:02:00

Health: 0/49       AC:  3    Str: 17    XL:     5   Next: 19%
Magic:  5/5        EV: 10    Int:  9    God:    Trog [......]
Gold:   54         SH:  3    Dex: 12    Spells: 4/4 levels left

rFire    . . .     SeeInvis +   a - +0 war axe
rCold    . . .     Gourm    .   (no shield)
rNeg     . . .     Faith    .   j - +0 robe
rPois    +         Spirit   .   f - +0 helmet
rElec    .         Reflect  +   (no cloak)
rCorr    .         Harm     .   (no gloves)
MR       .....                  (no barding)
Stlth    +.........             n - +3 amulet of reflection
HPRegen  0.16/turn              (no ring)
MPRegen  0.09/turn              (no ring)

@: short of breath, very slightly contaminated, invisible, very slow
A: large, see invisible, deformed body, poison resistance, slowness 2, slow
metabolism 1, spit poison 1, AC +1
a: Spit Poison, Renounce Religion


You were on level 2 of the Dungeon.
You worshipped Trog.
Trog was noncommittal.
You were hungry.

You visited 1 branch of the dungeon, and saw 2 of its levels.

You collected 54 gold pieces.

Inventory:

Hand Weapons
 a - a +0 war axe (weapon)
Missiles
 d - 3 throwing nets (quivered)
Armour
 f - a +0 helmet (worn)
 j - a +0 robe (worn)
Jewellery
 n - a +3 amulet of reflection (around neck)
 u - an uncursed ring of ice
Wands
 w - a wand of random effects (29)
Scrolls
 b - 3 scrolls of identify {unknown}
 e - a scroll of enchant armour {unknown}
 i - 3 scrolls of random uselessness {unknown}
 m - a scroll of noise {unknown}
 p - a scroll of fear {unknown}
 q - a scroll of teleportation {unknown}
 r - 2 scrolls of amnesia {unknown}
 s - a scroll of fog {unknown}
 t - a scroll of remove curse {unknown}
Potions
 g - a potion of lignification {unknown}
 h - a potion of curing {unknown}
 k - a potion of berserk rage {unknown}
 l - a potion of heal wounds {unknown}
 o - a potion of brilliance {unknown}
Comestibles
 c - 5 rations


   Skills:
 + Level 3.3 Fighting
 * Level 5.0 Axes
 - Level 1.7 Throwing
 - Level 2.4 Dodging


You had 4 spell levels left.
You didn't know any spells.
Your spell library was empty.

Dungeon Overview and Level Annotations

Branches:
Dungeon (2/15)

Altars:
Trog

Annotations:
D:2 Crazy Yiuf


Innate Abilities, Weirdness & Mutations

You cannot wear boots.
Your serpentine skin is tough. (AC +1)
You have supernaturally acute eyesight. (SInv)
Armour fits poorly on your strangely shaped body.
Your system is resistant to poisons. (rPois)
You cover ground very slowly.
You have a slow metabolism.
You can spit poison.


Message History

Key pressed, stopping explore.
All of the chunks of flesh in your inventory have rotted away.
You open the door.
An adder comes into view.
The adder hisses angrily.
Found 7 gold pieces.
Health restored: 49 An adder is nearby!
There is an open door here.
You closely miss the adder. The adder bites you but does no damage.
You block the adder's attack.
You barely miss the adder. The adder bites you. x2
You take 4 damage, and have 45/49 hp.
You hit the adder but do no damage. The adder bites you.
You take 2 damage, and have 43/49 hp.
You closely miss the adder. You block the adder's attack. The adder bites you.
You take 2 damage, and have 41/49 hp.
You slash the adder!
The adder is almost dead.
The adder barely misses you. The adder bites you but does no damage.
Press: ? - help, Shift-Dir - straight line, f - adder
Aim: an adder (almost dead)
The splash of poison hits the adder.
The adder is poisoned.
You kill the adder!
Trog accepts your kill.
Your Axes skill increases to level 5!
You feel slightly more hungry.
Unknown command.
You see here an adder corpse.
You have got your breath back.
You now have 54 gold pieces (gained 7).
You open the door.
There is an open door here.
As you open the door, it creaks loudly!
There is an open door here.
There is an open door here.
There is an open door here.
You see here an adder corpse.
There is an open door here.
There is an open door here.
Key pressed, stopping explore.
You see here a mace.
Found a mace.
Found a runed door.
You see here a mace.
Health restored: 49 Unknown command.
You see here a mace.
You see here a mace.
You see here a mace.
There is an open door here.
There is a stone staircase leading down here.
There is an open door here.
There is an open door here.
There is an open door here.
You see here a mace.
You see here a mace.
You see here a mace.
As you open the door, it creaks loudly!
Crazy Yiuf the Enlightened comes into view.
He is wielding a quarterstaff of chaos.
Crazy Yiuf says, "Race!
Island hand green."
Found three maces.
Press: ? - help, Shift-Dir - straight line, f - Crazy Yiuf
Aim: Crazy Yiuf, wielding a quarterstaff of chaos and wearing a cloak The splash of poison hits Crazy Yiuf.
Crazy Yiuf appears unharmed.
You feel slightly more hungry.
Evoke which item? (* to show all) (? for menu, Esc to quit)
Aiming: Random Effects
Press: ? - help, Shift-Dir - straight line, f/p - Crazy Yiuf
Aim: Crazy Yiuf, wielding a quarterstaff of chaos and wearing a cloak The puff of flame misses Crazy Yiuf.
You hit Crazy Yiuf.
Crazy Yiuf is moderately wounded.
You have got your breath back.
Crazy Yiuf hits you with a quarterstaff of chaos!
You fade into invisibility!
You are very lightly contaminated with residual magic.
You take 10 damage, and have 39/49 hp.
MASSIVE DAMAGE!!
Press: ? - help, Shift-Dir - straight line, f/p - Crazy Yiuf
Aim: Crazy Yiuf, wielding a quarterstaff of chaos and wearing a cloak (moderately wounded)
The splash of poison misses Crazy Yiuf.
You are feeling hungry.
Crazy Yiuf hits you with a quarterstaff of chaos!
You take 11 damage, and have 28/49 hp.
MASSIVE DAMAGE!!
You hit Crazy Yiuf but do no damage.
Crazy Yiuf is moderately wounded.
Crazy Yiuf hits you with a quarterstaff of chaos!
* * * LOW HITPOINT WARNING * * *
Crazy Yiuf burns you.
* * * LOW HITPOINT WARNING * * *
You take 10 damage, and have 18/49 hp.
MASSIVE DAMAGE!!
You hit Crazy Yiuf.
Crazy Yiuf is heavily wounded.
Crazy Yiuf hits you with a quarterstaff of chaos!
* * * LOW HITPOINT WARNING * * *
Crazy Yiuf draws strength from your wounds!
You take 9 damage, and have 9/49 hp.
Unknown command.
Crazy Yiuf says, "Whippet!"
Crazy Yiuf hits you with a quarterstaff of chaos!
You die...

....#...#
#..........#.....#
......####
#..........#.....#
.........#
##########.#.....#
.....###.# #.#.....#
.....# ### ###.....#
_....#### #......#
........#
♣♣♣♣♣##....>.###
##.###### ###
♣♣♣)♣..#.......... #.#
#)).#♣@.♣).....##..##..
##.#
#...'g♣♣♣♣......#......
...# #)..#♣♣
♣♣.#.........# #### ###
♣♣##..).....# #
#........# # #........#
#### ##############
#......).# ...#
#....##......#
#'##+##### ...#
#....##......###..#.#


You could see Crazy Yiuf.

Vanquished Creatures
  Natasha (thrice) (D:2)
  3 adders (D:2)
  An ooze (D:1)
  3 bats (D:1)
  2 giant cockroaches
  8 goblins
  3 hobgoblins
  2 jackals (D:2)
  A frilled lizard (D:2)
  3 kobolds
  6 rats
35 creatures vanquished.

Notes
Turn   | Place    | Note
-------+----------+-------------------------------------------
     0 | D:1      | Monsterracer the Naga Gladiator began the quest for the Orb.
     0 | D:1      | Reached XP level 1. HP: 19/19 MP: 1/1
   320 | D:1      | Reached XP level 2. HP: 26/26 MP: 2/2
  1018 | D:2      | Reached XP level 3. HP: 25/33 MP: 3/3
  1204 | D:2      | Reached skill level 4 in Axes
  1240 | D:2      | Found a bloodstained altar of Trog.
  1254 | D:2      | Became a worshipper of Trog the Wrathful
  1276 | D:2      | Noticed Natasha
  1282 | D:2      | Killed Natasha
  1282 | D:2      | Reached XP level 4. HP: 35/40 MP: 4/4
  1483 | D:2      | Noticed Natasha
  1492 | D:2      | Killed Natasha
  1680 | D:2      | Noticed Natasha
  1687 | D:2      | HP: 16/42 [Natasha (9)]
  1688 | D:2      | Killed Natasha
  1688 | D:2      | Reached XP level 5. HP: 19/49 MP: 5/5
  1693 | D:2      | HP: 18/49 [adder (2)]
  1933 | D:2      | Reached skill level 5 in Axes
  2023 | D:2      | Found a runed door.
  2158 | D:2      | Noticed Crazy Yiuf
  2163 | D:2      | HP: 20/49 [Crazy Yiuf/quarterstaff of chaos (8)]
  2164 | D:2      | HP: 9/49 [Crazy Yiuf/quarterstaff of chaos (9)]
  2165 | D:2      | Slain by Crazy Yiuf

Skill      XL: |  1  2  3  4  5 |
---------------+----------------+-----
Axes           | 4 5 |  5.0
Fighting       | 3 |  3.3
Throwing       | |  1.7
Dodging        | |  2.4

Action                   |  1- 3 |  4- 6 || total
-------------------------+-------+-------++-------
Melee: War axe           |    70 |    28 ||    98
 Abil: Spit Poison       |     6 |     7 ||    13
Evoke: Wand              |       |     1 ||     1
 Stab: Sleeping          |     1 |       ||     1
  Eat: Chunk             |       |     3 ||     3
Armor: Robe              |    44 |     3 ||    47
Dodge: Dodged            |    86 |    12 ||    98
Block: Other             |       |     3 ||     3

Vault maps used:
D:1:      dpeg_arrival_circle_labyrinth_c, kennysheep_nondescript
D:2:      bloody_trog, kennysheep_small_spiral, uniq_natasha,
          uniq_crazy_yiuf_cottage
